 Dungeon Crawl Stone Soup version 0.31-a0-233-g139696dc86 (webtiles) character file.

Game seed: 513578609881301134

1267 qw the Skirmisher (level 8, -1/70 HPs)
             Began as a Minotaur Hexslinger on July 8, 2023.
             Was a Follower of Okawaru.
             Slain by a gnoll
             ... wielding a +0 halberd
             ... led by a gnoll sergeant
              (12 damage)
             ... on level 6 of the Dungeon.
             The game lasted 00:02:06 (5365 turns).

qw the Skirmisher (Minotaur Hexslinger)             Turns: 5365, Time: 00:02:06

Health: -1/70      AC: 15    Str: 13    XL:     8   Next: 28%
Magic:  6/8        EV: 13    Int: 10    God:    Okawaru [*.....]
Gold:   341        SH:  5    Dex: 15    Spells: 8/9 levels left

rFire   . . .        l - +0 orcbow
rCold   . . .        (shield currently unavailable)
rNeg    . . .        k - +0 ring mail
rPois   .            (helmet restricted)
rElec   .            (no cloak)
rCorr   .            q - +0 pair of gloves
SInv    +            e - +2 pair of boots
Will    .....        i - amulet of reflection
Stlth   ++           m - ring of see invisible
HPRegen 0.31/turn    p - +4 ring of protection
MPRegen 0.11/turn

%: reflection
@: lethally poisoned (-1 -> -18), heroic
A: horns 2, retaliatory headbutt
a: Renounce Religion, Heroism


You were on level 6 of the Dungeon.
You worshipped Okawaru.
Okawaru was aware of your devotion.
You visited 1 branch of the dungeon, and saw 6 of its levels.

You collected 341 gold pieces.


Innate Abilities, Weirdness & Mutations

You have a pair of horns on your head.
You reflexively headbutt those who attack you in melee.


   Skills:
 - Level 5.6(10.6) Fighting
 - Level 9.0(14.0) Ranged Weapons
 - Level 3.1(8.1) Armour
 + Level 2.1(7.1) Dodging
 - Level 1.0 Spellcasting
 - Level 2.0 Hexes
 + Level 2.3 Invocations


You had 8 spell levels left.
You knew the following spells:

 Your Spells              Type           Power      Damage    Failure   Level
a - Slow                  Hex            16%        N/A       28%         1

Your spell library contained the following spells:

 Spells                   Type           Power      Damage    Failure   Level
 Inner Flame              Hex/Fire       2%         N/A       78%         3
 Portal Projectile        Hex/Tloc       4%         N/A       78%         3
 Cause Fear               Hex            2%         N/A       96%         4

Inventory:

Hand Weapons
 l - a +0 orcbow (weapon)
Armour
 e - a +2 pair of boots (worn)
 k - a +0 ring mail (worn)
 q - a +0 pair of gloves (worn)
Jewellery
 b - a ring of fire
 i - an amulet of reflection (around neck)
 m - a ring of see invisible (left hand)
 n - an amulet of regeneration
 p - a +4 ring of protection (right hand)
Scrolls
 a - a scroll of identify
 h - a scroll of silence {unknown}
Potions
 c - 3 potions of haste
 d - a potion of curing
 f - 3 potions of resistance
 g - a potion of cancellation
 j - a potion of magic

Dungeon Overview and Level Annotations

Branches:
Dungeon (6/15)
 Temple: D:4-7

Altars:
Ashenzari
Dithmenos
Nemelex Xobeh
Okawaru


Message History

The arrow hits the centaur.
The arrow freezes the centaur.
The centaur shoots an arrow.
The arrow hits you but does no damage. The gnoll sergeant barely misses you.
You shoot an arrow.
The arrow barely misses the gnoll sergeant.
The arrow hits the gnoll.
The gnoll is lightly wounded.
The centaur shoots an arrow.
The arrow hits you but does no damage.
The gnoll sergeant hits you from afar with a +0 trident of venom!
You are poisoned.
You shoot an arrow. The arrow hits the gnoll sergeant.
The gnoll sergeant is heavily wounded.
You feel very sick. The gnoll barely misses you.
The centaur shoots an arrow.
The arrow hits you. The arrow freezes you.
You shoot an arrow.
The arrow closely misses the gnoll sergeant.
You feel very sick. The gnoll sergeant misses you.
The gnoll hits you but does no damage.
The centaur shoots an arrow.
The arrow misses you.
You shoot an arrow. The arrow hits the gnoll sergeant.
The gnoll sergeant is severely wounded.
You feel sick.
The gnoll sergeant hits you but does no damage.
You are more poisoned.
The gnoll closely misses you.
You shoot an arrow. The arrow hits the gnoll sergeant!
The gnoll sergeant is almost dead.
You feel very sick.
The centaur shoots an arrow.
The arrow closely misses you.
The gnoll sergeant hits you from afar with a +0 trident of venom!
You are lethally poisoned!
The gnoll misses you.
The centaur shoots an arrow.
The arrow barely misses you.
You shoot an arrow.
The arrow closely misses the gnoll sergeant.
You feel very sick.
The centaur shoots an arrow.
The arrow barely misses you. The gnoll sergeant barely misses you.
The gnoll hits you from afar with a +0 halberd!
You die...

.. .. ###########. .
#............... #
#........c......# #
#...............#####
#...@.g.........##~~~
#.....g.......#~~~~~~
#............~~~~~~~~
#.....%....~~~~~~~~~~
#.........~~~~~~~~~~#
#........~~~~~~~~####
#........~~~~~~######
#........~~~~.## #...
#.............# #...


You could see a gnoll sergeant, a centaur and a gnoll.

Vanquished Creatures
  A black bear (D:5)
  An ogre (D:6)
  2 phantoms
  A centaur (D:5)
  A kobold brigand (D:6)
  3 scorpions
  A howler monkey (D:6)
  An orc priest (D:3)
  2 hounds
  4 jellies
  2 sleepcaps
  2 orc wizards
  3 iguanas
  2 gnolls (D:6)
  6 adders
  2 white imps (D:5)
  5 dart slugs
  17 orcs
  4 ball pythons
  6 endoplasms
  7 giant cockroaches
  3 goblins
  5 hobgoblins
  7 quokkas
  7 bats
  4 frilled lizards
  5 kobolds
  6 rats
  2 rat zombies (D:5)
112 creatures vanquished.

Vanquished Creatures (others)
  An orc wizard (D:4)
1 creature vanquished.

Grand Total: 113 creatures vanquished

Notes
Turn   | Place    | Note
-------+----------+-------------------------------------------
     0 | D:1      | qw the Minotaur Hexslinger began the quest for the Orb.
     0 | D:1      | Reached XP level 1. HP: 16/16 MP: 1/1
     0 | D:1      | 0 ||| qw: Version: 0.3-a-46-gb1f654a
     0 | D:1      | 0 ||| qw: Game counter: 3607
     0 | D:1      | 0 ||| qw: Melee chars always use a shield: true
     0 | D:1      | 0 ||| qw: God list: Okawaru
     0 | D:1      | 0 ||| qw: Allow faded altars: false
     0 | D:1      | 0 ||| qw: Do Orc after clearing Dungeon:15 true
     0 | D:1      | 0 ||| qw: Do second Lair branch before Depths: true
     0 | D:1      | 0 ||| qw: Lair rune preference: random
     0 | D:1      | 0 ||| qw: Goals: Normal
     0 | D:1      | 0 ||| PLANNING D:1-11
   297 | D:1      | Reached skill level 3 in Ranged Weapons
   297 | D:1      | Reached XP level 2. HP: 23/23 MP: 2/2
   985 | D:1      | 985 ||| UPGRADING to +2 pair of boots.
   990 | D:1      | 990 ||| DROPPING scroll of poison.
  1048 | D:2      | Reached XP level 3. HP: 29/29 MP: 3/3
  1186 | D:2      | Reached skill level 4 in Ranged Weapons
  1625 | D:2      | Reached XP level 4. HP: 35/36 MP: 4/4
  1647 | D:2      | 1647 ||| READING 2 scrolls labelled DIATEE KIVYE.
  1648 | D:2      | 1648 ||| READING scroll labelled QUSAJU PIOLASY.
  1782 | D:3      | Reached skill level 5 in Ranged Weapons
  1952 | D:3      | Reached skill level 3 in Fighting
  2026 | D:3      | Reached XP level 5. HP: 42/45 MP: 5/5
  2183 | D:3      | Found a faded altar of an unknown god.
  2425 | D:3      | Found a shadowy altar of Dithmenos.
  2425 | D:3      | Found a sparkling altar of Nemelex Xobeh.
  2425 | D:3      | Found a broken altar of Ashenzari.
  2537 | D:3      | Found an iron altar of Okawaru.
  2538 | D:3      | 2538 ||| PLANNING OKAWARU WORSHIP
  2538 | D:3      | 2538 ||| UPGRADING to +0 leather armour.
  2548 | D:3      | 2548 ||| DROPPING +0 robe.
  2549 | D:3      | 2549 ||| UPGRADING to +0 ring mail.
  2559 | D:3      | 2559 ||| DROPPING +0 leather armour.
  2560 | D:3      | 2560 ||| UPGRADING to amulet of reflection.
  2565 | D:3      | 2565 ||| DROPPING amulet of guardian spirit.
  2566 | D:3      | 2566 ||| UPGRADING to ring of see invisible.
  2567 | D:3      | 2567 ||| READING 2 scrolls labelled VUAGIKLUIFER.
  2570 | D:3      | 2570 ||| READING scroll labelled COESTA YXZUOPN.
  2571 | D:3      | 2571 ||| READING scroll labelled RIGEM EMYSKUBLARCH.
  2572 | D:3      | 2572 ||| DRINKING 2 glowing amethyst potions.
  2573 | D:3      | 2573 ||| READING 2 scrolls of identify.
  2573 | D:3      | 2573 ||| IDENTIFYING bubbling blue potion
  2574 | D:3      | 2574 ||| DROPPING potion of invisibility.
  2602 | D:3      | Became a worshipper of Warmaster Okawaru
  2603 | D:3      | 2603 ||| PLANNING D:1-11
  2778 | D:4      | Noticed a phantom
  2787 | D:4      | Killed a phantom
  2788 | D:4      | Reached skill level 3 in Armour
  2813 | D:4      | Reached XP level 6. HP: 51/51 MP: 6/6
  3141 | D:4      | Reached skill level 6 in Ranged Weapons
  3272 | D:4      | 3272 ||| Stepping ~*~*~tactically~*~*~ (outnumbered).
  3470 | D:4      | 3470 ||| READING scroll labelled SOHIRCH CANWY.
  3471 | D:4      | 3471 ||| DRINKING 2 bubbling red potions.
  3472 | D:4      | 3472 ||| DRINKING 2 lumpy coppery potions.
  3526 | D:4      | 3526 ||| READING 2 scrolls of identify.
  3526 | D:4      | 3526 ||| IDENTIFYING yellow potion
  3527 | D:4      | 3527 ||| DROPPING potion of lignification.
  3537 | D:5      | Entered Level 5 of the Dungeon
  3538 | D:5      | 3538 ||| PLANNING OSSUARY
  3586 | D:5      | 3586 ||| FLEEEEING.
  3587 | D:5      | 3587 ||| FLEEEEING.
  3588 | D:5      | 3588 ||| FLEEEEING.
  3589 | D:5      | 3589 ||| FLEEEEING.
  3590 | D:5      | 3590 ||| FLEEEEING.
  3591 | D:5      | 3591 ||| STAIRDANCE
  3664 | D:5      | 3664 ||| SWAPPING to +0 orcbow.
  3667 | D:5      | 3667 ||| DROPPING +1 sling.
  3679 | D:5      | 3679 ||| FLEEEEING.
  3680 | D:5      | 3680 ||| FLEEEEING.
  3686 | D:5      | 3686 ||| FLEEEEING.
  3687 | D:5      | 3687 ||| FLEEEEING.
  3689 | D:5      | 3689 ||| FLEEEEING.
  3690 | D:5      | 3690 ||| FLEEEEING.
  3691 | D:5      | 3691 ||| FLEEEEING.
  3692 | D:5      | 3692 ||| FLEEEEING.
  3693 | D:5      | 3693 ||| FLEEEEING.
  3779 | D:5      | Reached * piety under Okawaru
  3820 | D:5      | 3820 ||| INVOKING Heroism.
  3823 | D:5      | Reached XP level 7. HP: 60/60 MP: 4/7
  3989 | D:5      | Reached skill level 7 in Ranged Weapons
  4125 | D:5      | Reached skill level 1 in Invocations
  4129 | D:5      | 4129 ||| INVOKING Heroism.
  4174 | D:5      | 4174 ||| RIP OSSUARY
  4175 | D:5      | 4175 ||| PLANNING D:1-11
  4201 | D:5      | Reached skill level 8 in Ranged Weapons
  4205 | D:5      | 4205 ||| DRINKING 3 potions of curing.
  4205 | D:5      | 4205 ||| (to cure confusion)
  4207 | D:5      | 4207 ||| DRINKING 2 potions of curing.
  4207 | D:5      | 4207 ||| (to cure confusion)
  4467 | D:5      | 4467 ||| UPGRADING to +0 pair of gloves.
  4472 | D:5      | 4472 ||| UPGRADING to +4 ring of protection.
  4473 | D:5      | 4473 ||| READING 4 scrolls of identify.
  4473 | D:5      | 4473 ||| IDENTIFYING smoky ruby potion
  4474 | D:5      | 4474 ||| READING 3 scrolls of identify.
  4474 | D:5      | 4474 ||| IDENTIFYING orange potion
  4475 | D:5      | 4475 ||| READING 2 scrolls of identify.
  4475 | D:5      | 4475 ||| IDENTIFYING bubbling puce potion
  4476 | D:5      | 4476 ||| DROPPING potion of brilliance.
  4678 | D:6      | 4678 ||| Stepping ~*~*~tactically~*~*~ (outnumbered).
  4680 | D:6      | 4680 ||| Stepping ~*~*~tactically~*~*~ (outnumbered).
  4684 | D:6      | 4684 ||| Stepping ~*~*~tactically~*~*~ (outnumbered).
  4688 | D:6      | 4688 ||| INVOKING Heroism.
  4695 | D:6      | HP: 8/62 [gnoll sergeant/+0 trident of venom (10)]
  4696 | D:6      | 4696 ||| READING scroll of teleportation.
  4696 | D:6      | HP: 3/62 [poisoned by a gnoll sergeant]
  4697 | D:6      | 4697 ||| DRINKING potion of heal wounds.
  4701 | D:6      | HP: 8/62 [poisoned by a gnoll sergeant]
  4706 | D:6      | HP: 4/62 [poisoned by a gnoll sergeant]
  4779 | D:6      | 4779 ||| FLEEEEING.
  4780 | D:6      | 4780 ||| FLEEEEING.
  4781 | D:6      | 4781 ||| FLEEEEING.
  4782 | D:6      | 4782 ||| FLEEEEING.
  4783 | D:6      | 4783 ||| FLEEEEING.
  4784 | D:6      | 4784 ||| STAIRDANCE
  4906 | D:6      | Reached XP level 8. HP: 70/70 MP: 8/8
  5134 | D:6      | 5134 ||| Stepping ~*~*~tactically~*~*~ (water).
  5136 | D:6      | 5136 ||| Stepping ~*~*~tactically~*~*~ (water).
  5344 | D:6      | Reached skill level 9 in Ranged Weapons
  5359 | D:6      | 5359 ||| INVOKING Heroism.
  5364 | D:6      | HP: 16/70 [gnoll sergeant/+0 trident of venom (9)]
  5365 | D:6      | Slain by a gnoll

Levels and vault maps discovered:
D:1:      amcnicky_arrival_feature_with_door, layout_basic,
          roderic_nine_men_s_morris
D:2:      layout_basic, minmay_tetromino_i4
D:3:      layout_basic, hellmonk_okawaru_the_only_friend_you_need,
          gammafunk_temple_overflow_claw, shapermc_ecumenical_altar_pompeii,
          corner_web_ring
D:4:      layout_loops_ring
D:5:      layout_basic, enter_ossuary_4, minmay_hedge_maze
D:6:      wander_river, layout_gridville, mainiacjoe_overflow_six_doors_small

Skill      XL: |  1  2  3  4  5  6  7  8 |
---------------+-------------------------+-----
Ranged Weapons | 3 4 5 6 8 9 |  9.0
Fighting       | 2 3 4 5 |  5.6
Armour         | 3 |  3.1
Invocations    | 1 2 |  2.3
Dodging        | |  2.1
Spellcasting   | |  1.0
Hexes          | |  2.0

Action                     |  1- 3 |  4- 6 |  7- 9 || total
---------------------------+-------+-------+-------++-------
   Fire: Sling             |   131 |   183 |       ||   314
         Orcbow            |       |    20 |   142 ||   162
 Invoke: Heroism           |       |     1 |     3 ||     4
    Use: Scroll            |       |     8 |     4 ||    12
         Potion            |       |     3 |     3 ||     6
 Armour: Robe              |    14 |     6 |       ||    20
         Ring mail         |       |    25 |    33 ||    58
  Dodge: Dodged            |    42 |    54 |    53 ||   149
  Block: Other             |       |    10 |    14 ||    24
         Reflection        |       |     1 |     3 ||     4

Table legend:
 A = Non-vault XP
 B = Vault XP
 C = Vault XP percentage of total XP
 D = Non-vault monster count
 E = Vault monster count
 F = Vault count percentage of total count
                 A         B        C        D         E       F
            +---------+---------+-------+---------+---------+-------
      Total |    1805 |       6 |   0.3 |     108 |       5 |   4.4
            +---------+---------+-------+---------+---------+-------
        D:1 |      34 |       0 |   0.0 |      22 |       0 |   0.0
        D:2 |      60 |       4 |   6.2 |      13 |       3 |  18.8
        D:3 |     158 |       0 |   0.0 |      22 |       0 |   0.0
        D:4 |     250 |       0 |   0.0 |      19 |       0 |   0.0
        D:5 |     729 |       2 |   0.3 |      19 |       2 |   9.5
        D:6 |     574 |       0 |   0.0 |      13 |       0 |   0.0
            +---------+---------+-------+---------+---------+-------
